 Dungeon Crawl Stone Soup version 0.18-a0-43-g402c68f (webtiles) character file.

327 Cookie the Slasher (level 6, -3/44 HPs)
             Began as a Demonspawn Gladiator on Nov 6, 2015.
             Slain by an iguana (7 damage)
             ... on level 4 of the Dungeon.
             The game lasted 00:06:41 (2943 turns).

Cookie the Slasher (Demonspawn Gladiator)           Turns: 2943, Time: 00:06:41

Health: -3/44      AC:  8    Str: 15    XL:     6   Next: 24%
Magic:  6/6        EV: 13    Int: 11    God:
Gold:   238        SH:  0    Dex: 14    Spells: 0 memorised, 5 levels left

rFire  . . .     SeeInvis .     a - +0 long sword
rCold  . . .     Clarity  .     b - +0 leather armour
rNeg   . . .     SustAt   .     (no shield)
rPois  .         Gourm    .     c - +0 helmet
rElec  .         Spirit   .     g - +1 cloak
rCorr  .         Warding  .     (no gloves)
rMut   .         Stasis   .     (no boots)
MR     .....                    (no amulet)
Stlth  +.........               (no ring)
                                (no ring)

@: not resistant to hostile enchantments, very unstealthy
A: thin metallic scales 1, demonic guardian 1, rot immunity
a: no special abilities


You were on level 4 of the Dungeon.
You were not hungry.

You visited 1 branch of the dungeon, and saw 4 of its levels.

You collected 238 gold pieces.

Inventory:

Hand Weapons
 a - a +0 long sword (weapon)
 q - a +1 dagger of pain
Missiles
 d - 3 throwing nets (quivered)
Armour
 b - a +0 leather armour (worn)
 c - a +0 helmet (worn)
 g - a +1 cloak (worn)
 t - a +0 crystal plate armour
Jewellery
 v - an uncursed ring of flight {unknown}
 w - a +6 ring of strength {unknown}
Scrolls
 f - 2 scrolls of magic mapping {unknown}
 k - a scroll of noise {unknown}
 m - 2 scrolls of remove curse {unknown}
 o - a scroll of recharging {unknown}
 r - 2 scrolls of identify {unknown}
 s - a scroll of teleportation {unknown}
 x - a scroll of fog {unknown}
Potions
 i - 2 potions of might {unknown}
 j - a potion of cancellation {unknown}
 l - 2 potions of curing {unknown}
 n - a potion of resistance {unknown}
 p - 2 potions of flight {unknown}
Comestibles
 e - 2 bread rations
 h - a royal jelly
 u - a chunk of flesh
 z - 6 fruits


   Skills:
 - Level 2.0 Fighting
 * Level 6.1 Long Blades
 - Level 1.7 Throwing
 + Level 3.2 Dodging


You had 5 spell levels left.
You didn't know any spells.

Dungeon Overview and Level Annotations

Branches:
Dungeon (4/15)
 Temple: D:4-7

Altars:
Fedhas
Gozag
Nemelex Xobeh
Okawaru
Qazlal
Trog
Xom


Innate Abilities, Weirdness & Mutations

You are partially covered in thin metallic scales (AC +2).
A weak demonic guardian rushes to your aid.
You are immune to rotting.


Message History

You closely miss the iguana.
The iguana is lightly wounded.
The iguana bites you.
You slash the iguana!
The iguana is severely wounded.
The iguana bites you!
You hit the iguana.
The iguana is almost dead.
The iguana barely misses you.
You hit the iguana but do no damage.
The iguana is almost dead.
The iguana bites you!
* * * LOW HITPOINT WARNING * * *
You closely miss the iguana.
The iguana is almost dead.
The iguana bites you.
* * * LOW HITPOINT WARNING * * *
There is a stone staircase leading down here.
The iguana bites you!
You die...

#...................[..........
#...................###....####
##..................##......##
##..<.......>......##..###..##
##.......#.........##..# #....
###........#.......(.#...# #.##.
#..........##.......#..#†# #....
#...........##.....#..##.####...
###.........###@#).......#......
#.........##l............###.#
#.#....................### #.#
#(#..#...#.............#####.#
#.#..#...>....................
##.#..#...#.#...........#####.. .
#..#..#.....#.##....#.........#
.##..#......###÷##..............#
............# #.......#.........


You could see an iguana.

Vanquished Creatures
  An eye of draining (D:3)
  A giant frog (D:4)
  2 hounds (D:4)
  An orc wizard (D:3)
  3 adders
  An ooze (D:1)
  5 giant geckos
  5 orcs (D:3)
  2 ball pythons (D:1)
  4 giant cockroaches
  9 goblins
  8 hobgoblins
  4 jackals (D:1)
  6 kobolds
  2 quokkas
  4 bats
  2 giant newts (D:1)
  7 rats
67 creatures vanquished.

Vanquished Creatures (collateral kills)
  A ball python (D:4)
1 creature vanquished.

Grand Total: 68 creatures vanquished

Notes
Turn   | Place    | Note
--------------------------------------------------------------
     0 | D:1      | Cookie the Demonspawn Gladiator began the quest for the Orb.
     0 | D:1      | Reached XP level 1. HP: 16/16 MP: 1/1
    25 | D:1      | Reached skill level 3 in Long Blades
    94 | D:1      | Gained mutation: You are immune to rotting. [demonic ancestry]
    94 | D:1      | Reached XP level 2. HP: 17/22 MP: 2/2
   896 | D:1      | Gained mutation: You are partially covered in thin metallic scales (AC +2). [demonic ancestry]
   896 | D:1      | Reached XP level 3. HP: 22/27 MP: 3/3
  1135 | D:1      | Reached skill level 4 in Long Blades
  1495 | D:2      | Reached XP level 4. HP: 7/33 MP: 4/4
  1962 | D:2      | Found an iron altar of Okawaru.
  1962 | D:2      | Found a shimmering altar of Xom.
  1963 | D:2      | Found a blossoming altar of Fedhas.
  2023 | D:2      | Found a stormy altar of Qazlal.
  2278 | D:4      | Noticed a giant frog
  2400 | D:3      | Found an opulent altar of Gozag.
  2401 | D:3      | Found a sparkling altar of Nemelex Xobeh.
  2560 | D:3      | Reached skill level 5 in Long Blades
  2595 | D:3      | Found a bloodstained altar of Trog.
  2595 | D:3      | Noticed an eye of draining
  2615 | D:3      | Killed an eye of draining
  2615 | D:3      | Gained mutation: A weak demonic guardian rushes to your aid. [demonic ancestry]
  2615 | D:3      | Reached XP level 5. HP: 36/38 MP: 0/5
  2734 | D:4      | Reached skill level 6 in Long Blades
  2734 | D:4      | Reached XP level 6. HP: 40/44 MP: 6/6
  2926 | D:4      | HP: 2/44 [iguana (6)]
  2943 | D:4      | Slain by an iguana

Vault maps used:
D:1:      lightli_arrival_statuegarden, kennysheep_pointless_box
D:2:      gammafunk_temple_overflow_claw, lemuel_doored_altar
D:3:      grunt_temple_overflow_opulence, trog_eyes_of_draining, serial_forest,
          infiniplex_forest_clump_tiny, infiniplex_forest_end_2,
          infiniplex_forest_end_1, infiniplex_forest_clump_curved,
          infiniplex_forest_corner_2
D:4:      minmay_misc_feat_plants, kennysheep_cluttered_room, minmay_liquid_box,
          uniq_pikel

Action                   |  1- 3 |  4- 6 || total
-------------------------+-------+-------++-------
Melee: Long sword        |   158 |    99 ||   257
Throw: Throwing net      |       |     1 ||     1
 Stab: Sleeping          |     1 |       ||     1
       Distracted        |       |     1 ||     1
  Eat: Chunk             |     2 |     3 ||     5
       Pizza             |       |     1 ||     1
